 Dungeon Crawl Stone Soup version 0.25-a0-668-gea548f19b6 (console) character file.

Game seed: 13451961131246495039, levelgen mode: classic

32 Duffy the Chopper (level 3, -12/29 HPs)
             Began as a Demonspawn Fighter on Mar 28, 2020.
             Engulfed by a cloud of flame (16 damage)
             ... on level 2 of the Dungeon.
             The game lasted 00:01:09 (1320 turns).

Duffy the Chopper (Demonspawn Fighter)              Turns: 1320, Time: 00:01:10

Health: -12/29     AC:  6    Str: 16    XL:     3   Next: 8%
Magic:  0/3        EV:  6    Int: 10    God:
Gold:   84         SH:  8    Dex: 12    Spells: 2/2 levels left

rFire    . . .     SeeInvis .   a - +0 war axe
rCold    . . .     Gourm    .   c - +0 kite shield
rNeg     . . .     Faith    .   b - +0 scale mail
rPois    .         Spirit   +   (helmet restricted)
rElec    .         Reflect  .   (no cloak)
rCorr    .         Harm     .   (no gloves)
MR       .....     Rnd*Tele +   (no boots)
Stlth    ..........             (no amulet)
HPRegen  0.09/turn              q - ring of teleportation (curse)
MPRegen  0.08/turn              (no ring)

@: no status effects
A: horns 1, magic shield
a: no special abilities


You were on level 2 of the Dungeon.
You were not hungry.

You visited 1 branch of the dungeon, and saw 2 of its levels.

You collected 84 gold pieces.

Inventory:

Hand Weapons
 a - a +0 war axe (weapon)
Armour
 b - a +0 scale mail (worn)
 c - a +0 kite shield (worn)
Jewellery
 q - a cursed ring of teleportation (left hand)
Scrolls
 g - a scroll of enchant armour {unknown}
 h - 3 scrolls of teleportation
 i - a scroll of fog {unknown}
 o - a scroll of magic mapping
Potions
 d - a potion of might
 e - a potion of haste
 j - a potion of degeneration {unknown}
 k - a potion of heal wounds {unknown}
 m - a potion of invisibility {unknown}
Comestibles
 f - 2 rations
 p - 2 chunks of flesh


   Skills:
 - Level 3.0 Fighting
 + Level 3.2 Axes
 - Level 2.6 Armour
 - Level 2.6 Shields


You had 2 spell levels left.
You didn't know any spells.
Your spell library was empty.

Dungeon Overview and Level Annotations

Branches:
Dungeon (2/15)

Altars:


Innate Abilities, Weirdness & Mutations

You have a pair of small horns on your head.
When hurt, damage is shared between your health and your magic reserves.


Message History

The goblin shouts!
As you read the scroll labeled ANIF LAAMIMMOFIPA, it crumbles to dust.
You feel aware of your surroundings.
It was a scroll of magic mapping.
As you read the scroll labeled LEAMPO RIRO, it crumbles to dust.
It is a scroll of identify.
e - a potion of haste
As you read the scroll labeled JUSEIBU TEAS, it crumbles to dust.
The creatures around you are filled with an inner flame!
It was a scroll of immolation.
The goblin hits you but does no damage.
Okay, then.
Your shield prevents you from hitting the goblin.
Your headbutt misses the goblin. The goblin barely misses you.
You block the goblin's attack.
You slash the goblin!
The goblin explodes!
The fiery explosion engulfs you!!
Ouch! That really hurt!
You are engulfed in blazing flames.
Ouch! That really hurt!
You die...

###########
.##.......#
....#####.#
....#####.#
..>....##.#
....##.##.#####
.#..##........#
########
..........###.#
#%00...# #.#########
#.# #@#***,* #.#
#.###.###*,* #.#
********#.......#*,*
#.#
*,,,,,,,#####.#.#*,*
#.# *,,,,,,,*
*,......,* ..#
*,,,,,,,* *,###.#.#*
### *,,,,,,,*
*,***.#.# ***
*,,,,,,,* *,**,,#,#
,,*
*,,,,,,,***,**,**,*


There were no monsters in sight!

Vanquished Creatures
  An ooze (D:1)
  A leopard gecko (D:2)
  6 goblins
  4 hobgoblins (D:1)
  5 kobolds (D:1)
  5 bats (D:1)
  2 rats (D:1)
24 creatures vanquished.

Notes
Turn   | Place    | Note
-------+----------+-------------------------------------------
     0 | D:1      | Duffy the Demonspawn Fighter began the quest for the Orb.
     0 | D:1      | Reached XP level 1. HP: 18/18 MP: 1/1
   100 | D:1      | Gained mutation: You have a pair of small horns on your
                  | head. [demonic ancestry]
   100 | D:1      | Reached XP level 2. HP: 10/24 MP: 2/2
  1185 | D:2      | Gained mutation: When hurt, damage is shared between your
                  | health and your magic reserves. [demonic ancestry]
  1185 | D:2      | Reached XP level 3. HP: 28/29 MP: 3/3
  1320 | D:2      | Engulfed by a cloud of flame

Levels and vault maps discovered:
D:1:      scummos_arrival_simple_fountains, layout_loops_ring,
          minmay_heptomino_w4
D:2:      layout_loops_cross, serial_undead, serial_undead_a, serial_undead_c,
          serial_undead_e, serial_undead_c, minmay_ruptured, uniq_jessica

Skill      XL: |  1  2 |
---------------+-------+-----
Axes           | 2 3 |  3.2
Fighting       | |  3.0
Armour         | |  2.6
Shields        | |  2.6

Action                   || total
-------------------------++-------
Melee: War axe           ||    76
       Headbutt          ||     6
  Use: Scroll            ||     4
  Eat: Chunk             ||     1
Armor: Scale mail        ||    42
Dodge: Dodged            ||    18
Block: Kite shield       ||    42

Table legend:
 A = Non-vault XP
 B = Vault XP
 C = Vault XP percentage of total XP
 D = Non-vault monster count
 E = Vault monster count
 F = Vault count percentage of total count
                 A         B        C        D         E       F
            +---------+---------+-------+---------+---------+-------
      Total |      39 |       7 |  15.2 |      19 |       5 |  20.8
            +---------+---------+-------+---------+---------+-------
        D:1 |      32 |       7 |  17.9 |      16 |       5 |  23.8
        D:2 |       7 |       0 |   0.0 |       3 |       0 |   0.0
            +---------+---------+-------+---------+---------+-------
